 Dungeon Crawl Stone Soup version 0.26-a0-30-g56b8cd3df0 (webtiles) character file.

Game seed: 5959397237559675033, levelgen mode: deterministic

5686 Hasart the Reanimator (level 10, -5/63 HPs)
             Began as a Demonspawn Necromancer on June 3, 2020.
             Was a Follower of Sif Muna.
             Slain by a basilisk (6 damage)
             ... while petrified by a basilisk
             ... on level 8 of the Dungeon.
             The game lasted 00:22:14 (12615 turns).

Hasart the Reanimator (Demonspawn Necromancer)     Turns: 12615, Time: 00:22:14

Health: -5/63      AC:  9    Str:  9    XL:     10   Next: 47%
Magic:  0/20       EV:  2    Int: 22    God:    Sif Muna [*.....]
Gold:   519        SH:  0    Dex: 11    Spells: 13/22 levels left

rFire    + . .     SeeInvis .   i - +4 whip (elec)
rCold    + . .     Gourm    .   (no shield)
rNeg     + + +     Faith    .   u - +2 leather armour {rC+}
rPois    ∞         Spirit   +   (no helmet)
rElec    .         Reflect  .   H - +0 cloak
rCorr    .         Harm     .   E - +0 pair of gloves
MR       .....                  C - +0 pair of boots
Stlth    +.........             (no amulet)
HPRegen  0.20/turn              (no ring)
MPRegen  0.34/turn              (no ring)

@: petrified
A: claws 1, repulsion field 1, clever 1, clumsy 1, fire resistance 1, shaggy fur
1, magic shield, magic regeneration, flame cloud immunity
a: Channel Magic, Renounce Religion


You were on level 8 of the Dungeon.
You worshipped Sif Muna.
Sif Muna was aware of your devotion.
You were hungry.

You visited 2 branches of the dungeon, and saw 10 of its levels.

You collected 519 gold pieces.

Inventory:

Hand Weapons
 i - a +4 whip of electrocution (weapon)
Armour
 u - a +2 leather armour of cold resistance (worn)
 A - a +1 robe of magic resistance
 C - a +0 pair of boots (worn)
 D - a +2 tower shield
 E - a +0 pair of gloves (worn)
 H - a +0 cloak (worn)
Jewellery
 a - an uncursed ring of protection from magic
 p - an uncursed amulet of guardian spirit {unknown}
Wands
 w - a wand of disintegration (13)
 y - a wand of acid (2)
 B - a wand of digging (5)
Scrolls
 b - 5 scrolls of remove curse
 d - 11 scrolls of identify {unknown}
 l - 3 scrolls of amnesia {unknown}
 m - 2 scrolls of immolation {unknown}
 q - a scroll of magic mapping {unknown}
 s - 6 scrolls of teleportation {unknown}
 F - a scroll of fog {unknown}
Potions
 e - 2 potions of mutation
 g - a potion of berserk rage {unknown}
 h - a potion of invisibility {unknown}
 j - a potion of cancellation {unknown}
 k - 2 potions of magic {unknown}
 n - 2 potions of degeneration {unknown}
 o - 2 potions of stabbing {unknown}
 r - a potion of ambrosia {unknown}
 t - a potion of brilliance {unknown}
 v - 2 potions of flight {unknown}
 x - a potion of might {unknown}
 z - 2 potions of curing {unknown}
Comestibles
 c - 10 rations


   Skills:
 - Level 4.0 Maces & Flails
 + Level 6.8 Dodging
 - Level 1.7 Stealth
 + Level 6.9 Spellcasting
 * Level 11.8 Necromancy
 + Level 4.0 Evocations


You had 13 spell levels left.
You knew the following spells:

 Your Spells              Type           Power        Failure   Level  Hunger
a - Pain                  Necr           ####         1%          1    None
b - Vampiric Draining     Necr           ######....   1%          3    None
c - Agony                 Necr           ######..     2%          5    #####..

Your spell library contained the following spells:

 Spells                   Type           Power        Failure   Level  Hunger
 Animate Skeleton         Necr           N/A          1%          1    None
 Animate Dead             Necr           N/A          1%          4    ###....


Dungeon Overview and Level Annotations

Branches:
Dungeon (9/15)             Temple (1/1) D:5            Lair (0/6) D:9
    Orc: D:9-12

Altars:
Ashenzari
Cheibriados
Dithmenos
Elyvilon
Fedhas
Gozag
Hepliaklqana
Kikubaaqudgha
Makhleb
Nemelex Xobeh
Okawaru
Qazlal
Ru
Sif Muna
Trog
Uskayaw
Vehumet
Wu Jian
Xom
Yredelemnul
Zin
The Shining One

Annotations:
D:5 2 transporters


Innate Abilities, Weirdness & Mutations

You have sharp fingernails.
You are surrounded by a mild repulsion field. (EV +2)
Your flesh is heat resistant. (rF+)
When hurt, damage is shared between your health and your magic reserves.
You regenerate magic rapidly.
You are immune to clouds of flame.
Your mind is acute. (Int +2)
You are clumsy. (Dex -2)
You are covered in fur. (AC +1)


Message History

Unknown command.
Unknown command.
The basilisk gazes at you.
You are slowing down.
Okay, then.
The basilisk gazes at you.
Your limbs have turned to stone.
You have turned to stone.
The basilisk bites you but does no damage.
The basilisk gazes at you. You resist with some effort.
The basilisk gazes at you. x2
You resist with some effort. The basilisk completely misses you.
The basilisk gazes at you. The basilisk gazes at you. x2
You resist with some effort. The basilisk bites you!
* * * LOW HITPOINT WARNING * * *
The basilisk bites you!
You die...

#.####................
#.##..................
#.##.........##.......
#.##.........##.......
#.#...................
#.#...#'#####....#####
#.#...#.#####....#####
#....ll>..............
###..@#...............
###...########...#.##.
#.....###### #......#.
#..........###......#.
#..........+..........
##...#......########...
#...........########...
#..................##..
#...............##.##..


You could see 2 basilisks.

Vanquished Creatures
  A two-headed ogre (D:8)
  Pikel (D:4)
  Grinder (D:6)
  2 hippogriffs (D:8)
  Eustachio (D:4)
  A hungry ghost (D:7)
  Edmund (D:5)
  An orc warrior (D:9)
  3 sky beasts
  3 slaves (D:4)
  3 black bears
  6 ogres
  4 phantoms
  3 centaurs
  Blork the orc (D:6)
  3 scorpions
  6 killer bees (D:8)
  9 wights
  2 crimson imps
  6 orc priests
  4 hounds
  3 jellies
  A bullfrog skeleton (D:4)
  4 orc wizards
  A centaur skeleton (D:5)
  Natasha (twice) (D:4)
  5 worker ants
  2 hound skeletons
  A worker ant zombie (D:7)
  12 adders
  A shadow imp (D:5)
  An ooze (D:1)
  A worm (D:2)
  4 dart slugs
  4 leopard geckos
  32 orcs
  7 bats
  5 giant cockroaches
  18 goblins
  11 hobgoblins
  10 jackals
  4 quokkas
  3 ball pythons
  5 frilled lizards
  7 kobolds
  14 rats
220 creatures vanquished.

Vanquished Creatures (others)
  Natasha (D:4)
1 creature vanquished.

Grand Total: 221 creatures vanquished

Notes
Turn   | Place    | Note
-------+----------+-------------------------------------------
     0 | D:1      | Hasart the Demonspawn Necromancer began the quest for the
                  | Orb.
     0 | D:1      | Reached XP level 1. HP: 13/13 MP: 3/3
   343 | D:1      | Gained mutation: When hurt, damage is shared between your
                  | health and your magic reserves. [demonic ancestry]
   343 | D:1      | Reached XP level 2. HP: 17/19 MP: 0/5
  1030 | D:1      | Reached skill level 5 in Necromancy
  1030 | D:1      | Gained mutation: Your flesh is heat resistant. (rF+)
                  | [demonic ancestry]
  1030 | D:1      | Reached XP level 3. HP: 24/24 MP: 4/6
  1887 | D:2      | Reached XP level 4. HP: 30/30 MP: 5/7
  2170 | D:2      | Learned a level 3 spell: Vampiric Draining
  2421 | D:2      | Found an ancient bone altar of Kikubaaqudgha.
  2422 | D:2      | Found a blossoming altar of Fedhas.
  2427 | D:2      | Found an opulent altar of Gozag.
  2429 | D:2      | Found a stormy altar of Qazlal.
  2429 | D:2      | Found a hazy altar of Hepliaklqana.
  2429 | D:2      | Found a white marble altar of Elyvilon.
  2429 | D:2      | Found a glowing golden altar of the Shining One.
  2432 | D:2      | Found a radiant altar of Vehumet.
  2433 | D:2      | Found a sacrificial altar of Ru.
  2434 | D:2      | Found a sparkling altar of Nemelex Xobeh.
  2436 | D:2      | Found a snail-covered altar of Cheibriados.
  3051 | D:3      | Reached XP level 5. HP: 22/35 MP: 0/9
  3540 | D:3      | Reached skill level 6 in Necromancy
  3841 | D:3      | Noticed an ogre
  3846 | D:3      | Killed an ogre
  3982 | D:4      | Noticed an ogre
  3994 | D:4      | HP: 1/35 [ogre/+0 giant club (17)]
  3995 | D:4      | Killed an ogre
  3995 | D:4      | Reached XP level 6. HP: 2/41 MP: 0/11
  4480 | D:4      | Reached skill level 1 in Maces & Flails
  4642 | D:4      | Reached skill level 7 in Necromancy
  4918 | D:4      | Noticed a slave
  4920 | D:4      | Noticed Pikel
  4930 | D:4      | Killed a slave
  5230 | D:4      | Gained mutation: You are immune to clouds of flame.
                  | [demonic ancestry]
  5230 | D:4      | Reached XP level 7. HP: 41/46 MP: 9/12
  5496 | D:4      | Noticed Natasha
  5502 | D:4      | Killed Natasha
  5644 | D:4      | Found a white marble altar of Elyvilon.
  5889 | D:4      | Killed Pikel
  5889 | D:4      | Reached skill level 8 in Necromancy
  5889 | D:4      | Gained mutation: You regenerate magic rapidly. [demonic
                  | ancestry]
  5889 | D:4      | Reached XP level 8. HP: 18/52 MP: 0/14
  6262 | D:4      | Noticed Eustachio
  6266 | D:4      | Killed Eustachio
  6274 | D:4      | Killed Natasha
  6301 | D:4      | Noticed Natasha
  6306 | D:4      | Killed Natasha
  6666 | D:5      | Entered Level 5 of the Dungeon
  6707 | D:5      | Noticed Edmund
  6777 | D:5      | Reached skill level 9 in Necromancy
  6831 | D:5      | Found a staircase to the Ecumenical Temple.
  6842 | Temple   | Entered the Ecumenical Temple
  7015 | D:5      | Killed Edmund
  7015 | D:5      | Reached skill level 5 in Spellcasting
  7059 | D:5      | Reached skill level 5 in Dodging
  7161 | D:5      | Found a hide-covered altar of Uskayaw.
  7270 | D:5      | Gained mutation: You have sharp fingernails. [demonic
                  | ancestry]
  7270 | D:5      | Reached XP level 9. HP: 42/57 MP: 7/16
  7417 | D:5      | Found a transporter.
  7514 | D:5      | Found a transporter.
  8063 | D:6      | Noticed Grinder
  8074 | D:6      | Noticed Blork the orc
  8081 | D:6      | Killed Grinder
  8081 | D:6      | Reached skill level 10 in Necromancy
  8752 | D:6      | Killed Blork the orc
  9227 | D:7      | Reached skill level 1 in Evocations
  9608 | D:7      | Found a shimmering blue altar of Sif Muna.
  9619 | D:7      | Became a worshipper of Sif Muna the Loreminder
  9911 | D:8      | Reached skill level 11 in Necromancy
 10454 | D:8      | Gained mutation: You are surrounded by a mild repulsion
                  | field. (EV +2) [demonic ancestry]
 10454 | D:8      | Reached XP level 10. HP: 61/63 MP: 16/19
 11540 | D:8      | Noticed a two-headed ogre
 11584 | D:7      | Reached * piety under Sif Muna
 11645 | D:8      | Killed a two-headed ogre
 12157 | D:9      | Noticed a death yak
 12158 | D:9      | Found a staircase to the Lair.
 12172 | D:8      | Learned a level 5 spell: Agony
 12580 | D:9      | HP: 3/63 [basilisk (5)]
 12582 | D:9      | Gained mutation: You are clumsy. (Dex -2) [potion of
                  | mutation]
 12582 | D:9      | Gained mutation: Your mind is acute. (Int +2) [potion of
                  | mutation]
 12582 | D:9      | Gained mutation: You are covered in fur. (AC +1) [potion of
                  | mutation]
 12589 | D:9      | HP: 3/63 [basilisk (4)]
 12606 | D:8      | HP: 3/63 [basilisk (4)]
 12615 | D:8      | HP: 1/63 [basilisk (4)]
 12615 | D:8      | Slain by a basilisk

Illustrated notes

Levels and vault maps discovered:
D:1:      onia_arrival_handbag, layout_loops_ring, minmay_heptomino_o4
D:2:      cheibrodos_greedy_goblins, layout_rooms, minitemple
D:3:      layout_loops_ring, wad_rectangle_vault
D:4:      layout_loops_corners, first_ration, elyvilon_altar_3, uniq_eustachio,
          uniq_pikel, uniq_natasha
D:5:      gammafunk_cloud_chamber, layout_rooms,
          minmay_temple_entry_sparse_star, basic_altar,
          hangedman_abyss_or_decor_lesser_grid, uniq_edmund
D:6:      layout_basic, uniq_grinder, uniq_blork_the_orc
D:7:      layout_rooms, lemuel_crystal_altar
D:8:      layout_basic
D:9:      kennysheep_windowed_halls, layout_loops_ring, david_lair_generic,
          uniq_joseph
Temple:   cyrus_temple_forest

Skill      XL: |  1  2  3  4  5  6  7  8  9 10 |
---------------+-------------------------------+-----
Dodging        | 2 3 4 5 6 |  6.8
Necromancy     | 5 6 7 8 9 11 | 11.8
Spellcasting   | 3 4 5 6 |  6.9
Maces & Flails | 1 2 3 4 |  4.0
Evocations     | 2 4 |  4.0
Stealth        | |  1.7

Action                   |  1- 3 |  4- 6 |  7- 9 | 10-12 || total
-------------------------+-------+-------+-------+-------++-------
Melee: Whip              |    15 |    69 |   211 |    70 ||   365
 Cast: Pain              |    74 |   109 |   176 |    66 ||   425
       Vampiric Draining |       |     2 |     8 |     6 ||    16
       Agony             |       |       |       |     3 ||     3
Evoke: Wand              |       |       |       |     5 ||     5
  Use: Scroll            |       |     1 |     2 |     1 ||     4
       Potion            |       |       |       |     3 ||     3
 Stab: Sleeping          |       |       |     1 |       ||     1
  Eat: Chunk             |     4 |     6 |    15 |     7 ||    32
       Ration            |       |     1 |     2 |       ||     3
Armor: Robe              |     4 |     1 |       |       ||     5
       Leather armour    |       |     3 |    43 |    56 ||   102
Dodge: Dodged            |    20 |    34 |   165 |   139 ||   358

Table legend:
 A = Non-vault XP
 B = Vault XP
 C = Vault XP percentage of total XP
 D = Non-vault monster count
 E = Vault monster count
 F = Vault count percentage of total count
                 A         B        C        D         E       F
            +---------+---------+-------+---------+---------+-------
      Total |    6419 |    1705 |  21.0 |     188 |      29 |  13.4
            +---------+---------+-------+---------+---------+-------
        D:1 |      35 |      19 |  35.2 |      21 |       7 |  25.0
        D:2 |      79 |      16 |  16.8 |      26 |       9 |  25.7
        D:3 |     194 |      21 |   9.8 |      22 |       6 |  21.4
        D:4 |     671 |     853 |  56.0 |      23 |       3 |  11.5
        D:5 |     891 |     173 |  16.3 |      24 |       1 |   4.0
        D:6 |     524 |     361 |  40.8 |      15 |       2 |  11.8
        D:7 |     993 |       0 |   0.0 |      16 |       0 |   0.0
        D:8 |    2845 |     262 |   8.4 |      36 |       1 |   2.7
        D:9 |     184 |       0 |   0.0 |       4 |       0 |   0.0
     Temple |       3 |       0 |   0.0 |       1 |       0 |   0.0
            +---------+---------+-------+---------+---------+-------
